 Dungeon Crawl Stone Soup version 0.32-a0-876-gcfddb08e57 (webtiles) character file.

Game seed: 4564763524595749384

212 Autsider the Magician (level 5, -2/29 HPs)
             Began as a Deep Elf Hedge Wizard on Mar 31, 2024.
             Slain by Blork the orc
             ... wielding a +0 battleaxe
              (7 damage)
             ... on level 4 of the Dungeon.
             The game lasted 00:08:26 (3744 turns).

Autsider the Magician (Deep Elf Hedge Wizard)       Turns: 3744, Time: 00:08:26

Health: -2/29      AC:  3    Str:  7    XL:     5   Next: 58%
Magic:  10/15      EV: 10    Int: 21    God:
Gold:   219        SH:  0    Dex: 14    Spells: 12/15 levels left

rFire   . . .        (no weapon)
rCold   . . .        (no shield)
rNeg    . . .        l - +0 leather armour
rPois   .            c - +0 hat
rElec   .            p - scarf {harm}
rCorr   .            (no gloves)
SInv    .            (no boots)
Will    +....        (no amulet)
Stlth   ++           m - ring of willpower
HPRegen 0.24/turn    (no ring)
MPRegen 0.14/turn

%: harm (+30% outgoing, +20% incoming)
@: no status effects
A: no striking features
a: no special abilities


You were on level 4 of the Dungeon.
You visited 1 branch of the dungeon, and saw 4 of its levels.

You collected 219 gold pieces.

Inventory:

Armour
 b - a +0 robe
 c - a +0 hat (worn)
 l - a +0 leather armour (worn)
 p - a scarf of harm (worn)
Jewellery
 m - a ring of willpower (left hand)
Talismans
 i - a beast talisman
Wands
 q - a wand of light (12)
Scrolls
 a - 5 scrolls of identify {unknown}
 e - a scroll of poison {unknown}
 h - a scroll of teleportation {unknown}
 k - a scroll of noise {unknown}
 n - a scroll of revelation {unknown}
Potions
 d - a potion of magic
 f - a potion of resistance {unknown}
 g - 5 potions of enlightenment {unknown}
 j - a potion of might {unknown}
 o - a potion of degeneration {unknown}
 r - 2 potions of heal wounds {unknown}


   Skills:
 + Level 1.3 Fighting
 - Level 2.4 Dodging
 - Level 2.4 Stealth
 + Level 5.7 Spellcasting
 + Level 3.1 Conjurations
 + Level 3.1 Summonings
 - Level 1.1 Translocations
 - Level 1.4 Shapeshifting


You had 12 spell levels left.
You knew the following spells:

 Your Spells              Type           Power      Damage    Failure   Level
a - Magic Dart            Conj           76%        1d6       4%          1
A - Call Imp              Summ           38%        N/A       6%          2

Your spell library contained the following spells:

 Spells                   Type           Power      Damage    Failure   Level
 Blink                    Tloc           20%        N/A       14%         2
 Slow                     Hex            24%        N/A       16%         1
 Cigotuvi's Dreadful Rot  Necr/Alch/Air  12%        N/A       22%         2
 Mephitic Cloud           Conj/Alch/Air  10%        N/A       30%         3


Dungeon Overview and Level Annotations

Branches:
Dungeon (4/15)
 Temple: D:4-7

Altars:
Cheibriados

Annotations:
D:3 exclusion: 2 downstairs
D:4 1 transporter, Blork the orc; Domino's ghost, amateur MDFi


Message History

Confirm with . or Enter, or press ? or * to list all spells.
Aiming: Magic Dart (safe; 4% risk of failure)
Press: ? - help, Shift-Dir - straight line, f/p - Blork the orc
Aim: Blork the orc, wielding a +0 battleaxe and wearing a +0 robe (lightly wounded, 100% to hit)
The magic dart hits Blork the orc.
Blork the orc is moderately wounded.
Casting: Magic Dart (safe; 4% risk of failure)
Confirm with . or Enter, or press ? or * to list all spells.
Aiming: Magic Dart (safe; 4% risk of failure)
Press: ? - help, Shift-Dir - straight line, f/p - Blork the orc
Aim: Blork the orc, wielding a +0 battleaxe and wearing a +0 robe (moderately wounded, 100% to hit)
The magic dart hits Blork the orc.
Blork the orc is moderately wounded.
Blork the orc hits you with a +0 battleaxe!
* * * LOW HITPOINT WARNING * * *
Casting: Magic Dart (safe; 4% risk of failure)
Confirm with . or Enter, or press ? or * to list all spells.
Aiming: Magic Dart (safe; 4% risk of failure)
Press: ? - help, Shift-Dir - straight line, f/p - Blork the orc
Aim: Blork the orc, wielding a +0 battleaxe and wearing a +0 robe (moderately wounded, 100% to hit)
The magic dart hits Blork the orc.
Blork the orc is heavily wounded.
Blork the orc hits you with a +0 battleaxe!
* * * LOW HITPOINT WARNING * * *
Unknown command.
Blork the orc attacks as he pursues you!
Blork the orc barely misses you.
Blork the orc attacks as he pursues you!
Blork the orc closely misses you.
Casting: Magic Dart (safe; 4% risk of failure)
Confirm with . or Enter, or press ? or * to list all spells.
Aiming: Magic Dart (safe; 4% risk of failure)
Press: ? - help, Shift-Dir - straight line, f/p - Blork the orc
Aim: Blork the orc, wielding a +0 battleaxe and wearing a +0 robe (heavily wounded, 100% to hit)
The magic dart hits Blork the orc.
Blork the orc is heavily wounded.
Blork the orc screams, "What are you like inside?
I'll break you open and find out!"
Blork the orc hits you with a +0 battleaxe.
You die...
Blork the orc shouts, "I believe in me!"

...#..<...#.....#.......#
........###...........###
........# #.....#....##
........# #...###..###
....#....#....##....###
....##..###...##......#
....#.......#........##
.##........###.#....##
..#.........#..#@..##
.............#.o.###
.©.........###..##
########.. ##.# .Z.... #.
### ...... # ...##. ...ß
..##


You could see Blork the orc.

Vanquished Creatures
  A bombardier beetle (D:4)
  A hound (D:3)
  An orc priest (D:4)
  A jelly (D:4)
  4 adders
  A ribbon worm (D:2)
  2 orcs (D:3)
  8 ball pythons
  4 bats
  4 endoplasms
  A giant cockroach (D:1)
  4 goblins
  6 hobgoblins
  2 quokkas (D:2)
  4 kobolds
  6 rats
50 creatures vanquished.

Notes
Turn   | Place    | Note
-------+----------+-------------------------------------------
     0 | D:1      | Autsider the Deep Elf Hedge Wizard began the quest for the
                  | Orb.
     0 | D:1      | Reached XP level 1. HP: 10/10 MP: 7/7
   412 | D:1      | Reached XP level 2. HP: 15/15 MP: 7/9
   913 | D:2      | Learned a level 2 spell: Call Imp
  1332 | D:2      | Reached XP level 3. HP: 7/19 MP: 0/11
  1711 | D:2      | Reached skill level 1 in Shapeshifting
  2211 | D:3      | Reached skill level 5 in Spellcasting
  3092 | D:4      | Noticed Blork the orc
  3188 | D:3      | Reached XP level 4. HP: 24/24 MP: 9/13
  3444 | D:4      | Reached skill level 1 in Fighting
  3444 | D:4      | Reached XP level 5. HP: 29/29 MP: 9/15
  3634 | D:4      | Found a transporter.
  3635 | D:4      | Noticed Domino's ghost (amateur MDFi)
  3697 | D:4      | Found a snail-covered altar of Cheibriados.
  3744 | D:4      | Slain by Blork the orc

Illustrated notes

Levels and vault maps discovered:
D:1:      psy_arrival_spokes, layout_loops_ring
D:2:      layout_basic, minmay_misc_feat_diagonals
D:3:      layout_loops_ring
D:4:      layout_cave_pools, mainiacjoe_overflow_alcove_4,
          gammafunk_ghost_mausoleum, uniq_natasha, uniq_blork_the_orc,
          uniq_eustachio

Skill      XL: |  1  2  3  4  5 |
---------------+----------------+-----
Summonings     | 2 3 |  3.1
Shapeshifting  | 1 |  1.4
Conjurations   | 2 3 |  3.1
Spellcasting   | 5 |  5.7
Fighting       | 1 |  1.3
Dodging        | |  2.4
Stealth        | |  2.4
Translocations | |  1.1

Action                     |  1- 3 |  4- 6 || total
---------------------------+-------+-------++-------
  Melee: Unarmed           |    17 |       ||    17
         Punch             |     1 |       ||     1
   Cast: Magic Dart        |   117 |    46 ||   163
Ability: Begin Untransform |     1 |       ||     1
 Armour: Robe              |    14 |       ||    14
         Leather armour    |     9 |    15 ||    24
  Dodge: Dodged            |    28 |    17 ||    45
   Form: Beast             |     1 |       ||     1

Table legend: (Time is in decaauts)
 A = Elapsed time spent in this place.
 B = Non-inter-level travel time spent in this place.
 C = Inter-level travel time spent in this place.
 D = Time resting spent in this place.
 E = Time spent auto-exploring this place.
 F = Levels seen in this place.
 G = Mean time per level.
                   A        B        C        D        E       F      G
               +--------+--------+--------+--------+--------+-----+--------+
         Total |   3744 |   3471 |    273 |    570 |   2520 |   4 |  936.0 |
       Dungeon |   3744 |   3471 |    273 |    570 |   2520 |   4 |  936.0 |
               +--------+--------+--------+--------+--------+-----+--------+

Top non-repeatable levels by time:
     D:3: 1221 daAuts
     D:2: 1091 daAuts
     D:1: 1000 daAuts
     D:4: 430 daAuts
